Cogmind - Beta 13 @@@ ROGUE MODE // 2024.06.10 @ 14:35:41 Player: lt_nd Result: Destroyed by QO-WMP(R) with Subdweller Beam Cannon Performance ------------- Evolutions (0) 0 Regions Visited (3) 600 Robots Destroyed (34) 170 Value Destroyed (569) 569 Prototype IDs (0) 0 Alien Tech Used (0) 0 Bonus (0) 0 TOTAL SCORE: 1339 Bonus ------- None Cogmind --------- Core Integrity 0/250 Matter 267/300 Energy 250/250 System Corruption 0% Temperature Cool (15) Movement Core (500) Ox9 Location -10/Subcaves Parts ------- > --- POWER (1) -------- Ion Engine > --- PROPULSION (2) --- (None) > --- UTILITY (2) ------ Large Storage Unit > --- WEAPON (2) ------- Rocket Launcher > --- INVENTORY (15) --- Light Ion Engine Aluminum Leg Aluminum Leg Improved Hover Unit Flight Unit Flight Unit Flight Unit Sensor Array Hardened Light Armor Plating Scrap Shield Beam Cannon Assault Rifle Light Assault Rifle Peak State ------------ > --- POWER ------------ Ion Engine > --- PROPULSION ------- Aluminum Leg Aluminum Leg > --- UTILITY ---------- Large Storage Unit Hardened Light Armor Plating > --- WEAPON ----------- Small Laser Small Laser > --- INVENTORY -------- Light Ion Engine Aluminum Leg Aluminum Leg Improved Hover Unit Flight Unit Flight Unit Flight Unit Sensor Array Hardened Light Armor Plating Scrap Shield Beam Cannon Assault Rifle Light Assault Rifle Rocket Launcher [Rating: 10] Favorites ----------- Power Light Ion Engine Engine Light Ion Engine Propulsion Aluminum Leg Leg Aluminum Leg Utility Large Storage Unit Device Sensor Array Storage Large Storage Unit Processor Signal Interpreter Protection Hardened Light Armor Plating Weapon Small Laser Energy Gun Small Laser Energy Cannon Beam Cannon Ballistic Gun Assault Rifle Launcher Mini Grenade Launcher Special Weapon Mining Laser Build | -11 -10 -10 -10 ------- Run | Yrd Mat Min Sub Slots Evolved . | . . . . Power . | . . . . Propulsion . | . . . . Utility . | . . . . Weapon . | . . . . Parts Attached 31 | 7 14 8 2 Power 5 | 1 3 1 . Engine 5 | 1 3 1 . Core . | . . . . Reactor . | . . . . Propulsion 5 | 2 1 2 . Treads . | . . . . Leg 5 | 2 1 2 . Wheel . | . . . . Hover . | . . . . Flight . | . . . . Utility 8 | 2 4 2 . Device 5 | 2 3 . . Storage 1 | . . 1 . Processor 1 | . 1 . . Hackware . | . . . . Protection 1 | . . 1 . Artifact . | . . . . Weapon 13 | 2 6 3 2 Energy Gun 3 | 1 1 1 . Energy Cannon 2 | . . 1 1 Ballistic Gun 3 | 1 1 1 . Ballistic Cannon . | . . . . Launcher 4 | . 3 . 1 Special Weapon 1 | . 1 . . Impact Weapon . | . . . . Slashing Weapon . | . . . . Piercing Weapon . | . . . . Special Melee Weapon . | . . . . Unidentified Prototypes . | . . . . Parts Lost 6 | . 1 . 5 Power 1 | . 1 . . Propulsion 2 | . . . 2 Utility 1 | . . . 1 Weapon 2 | . . . 2 Highest Loss Streak 5 | . 1 . 5 To Critical Strikes . | . . . . Average Slot Usage (%) 99 | . 98 100 98 Engine 13 | . 13 14 14 Leg 28 | . 28 28 28 Device 6 | . 16 . . Storage 8 | . . 13 14 Processor 7 | . 11 4 . Protection 5 | . . 9 12 Energy Gun 18 | . 13 21 25 Ballistic Gun 5 | . 7 4 . Launcher 3 | . 6 1 . Naked Turns . | . . . . Heaviest Build 34 | 8 8 32 34 Greatest Support 20 | 20 20 20 20 Greatest Overweight (x) 1 | . . 1 1 Average Overweight (x) . | . . . 1 Largest Inventory Capacity 15 | 5 5 15 15 Average Capacity 10 | 5 5 14 15 Most Carried 15 | 5 5 15 15 Average Carried 9 | 2 4 13 14 Final Capacity 15 | 5 5 15 15 Final Carried 15 | 5 5 15 14 Class Distribution -------------------- 67% | Mutant 32% | Scavenger-Mutant Dominant Class ---------------- Mutant | -10/Materials Scavenger-Mutant | -10/Mines Scavenger-Mutant | -10/Subcaves Resources | -11 -10 -10 -10 ----------- Run | Yrd Mat Min Sub Matter Collected 595 | 285 206 104 . Remotely . | . . . . Salvage Created 973 | 125 356 389 103 Parts 58 | 8 24 19 7 Haulers Intercepted . | . . . . Recyclers Shooed 6 | . 4 2 . Parts Field Recycled . | . . . . Retrieved Matter . | . . . . Parts Self-Destructed . | . . . . Prevented . | . . . . Kills | -11 -10 -10 -10 ------- Run | Yrd Mat Min Sub Combat Hostiles Destroyed 22 | 1 9 8 4 Guns 13 | 1 4 7 1 Cannons 2 | . . 1 1 AOE 7 | . 5 . 2 Classes Destroyed 7 | 3 3 . 1 Worker 5 | 1 3 1 . Tunneler 2 | 2 . . . Recycler 4 | . 2 2 . Watcher 1 | . 1 . . Swarmer 12 | . 6 6 . Grunt 6 | 1 3 2 . Subdweller 4 | . . . 4 Best Kill Streak 5 | 2 4 5 2 Combat Bots Only 5 | 1 3 5 2 Max Kills in Single Turn 2 | 1 2 1 1 Gunslinging . | . . . . Exploded 2 | . 2 . 1 Melee . | . . . . Uniques/NPCs Destroyed . | . . . . Combat | -11 -10 -10 -10 -------- Run | Yrd Mat Min Sub Hostile Shots Fired 113 | 5 31 45 32 Missed 29 | 1 7 13 8 Damage Taken 1286 | 43 290 294 659 Core 253 | 21 47 52 133 Absorbed by Shields . | . . . . Core Remaining (%) 91 | 91 . . . Volleys Fired 88 | 12 26 39 11 Largest 2 | 2 2 2 2 Hottest 100 | 60 100 100 100 Shots Fired 139 | 17 35 67 20 Gun 117 | 17 29 59 12 Cannon 13 | . . 8 5 Launcher 8 | . 5 . 3 Special 1 | . 1 . . Kinetic 20 | 5 7 8 . Thermal 111 | 12 23 59 17 Explosive 8 | . 5 . 3 Electromagnetic . | . . . . Robot Hit Streak 14 | 5 7 6 14 Robot Miss Streak 3 | 3 2 3 1 Penetration Max . | . . . . Secondary Targets . | . . . . Shots Hit Robots 85 | 10 23 34 18 Core Hits 48 | 5 22 16 5 Critical Kills . | . . . . Critical Parts Destroyed . | . . . . Critical Strikes . | . . . . Melee Attacks . | . . . . Impact . | . . . . Slashing . | . . . . Piercing . | . . . . Sneak Attacks . | . . . . Combat Hostiles . | . . . . Follow-up Attacks . | . . . . Damage Inflicted 1694 | 115 697 427 455 Guns 892 | 115 267 373 137 Cannons 138 | . . 51 87 Explosions 661 | . 430 . 231 Melee . | . . . . Ramming 3 | . . 3 . Kinetic 186 | 34 84 68 . Thermal 844 | 81 183 356 224 Explosive 661 | . 430 . 231 Electromagnetic . | . . . . Impact . | . . . . Slashing . | . . . . Piercing . | . . . . Highest Corruption . | . . . . Average Corruption . | . . . . Corruption Purged . | . . . . Corruption Blocked . | . . . . Overload Shots . | . . . . Overflow Damage 26 | . 14 . 12 Projectiles . | . . . . Explosions 26 | . 14 . 12 Melee . | . . . . Knockbacks . | . . . . Impact . | . . . . Kinetic . | . . . . Secondary . | . . . . Self-Inflicted Damage 65 | . 32 . 33 Shots 4 | . 3 . 1 Rammed . | . . . . Targets Rammed 1 | . . 1 . Kicked 1 | . . 1 . Crushed . | . . . . Highest Temperature 234 | 18 24 234 16 Average Temperature 56 | 14 12 72 10 Received Heat Transfer 261 | 24 54 54 129 Siege Activations . | . . . . Robots Corrupted . | . . . . Combat Hostiles . | . . . . Parts Fried . | . . . . Impact Corruptions . | . . . . Robots Melted . | . . . . Combat Hostiles . | . . . . Parts Melted 1 | . . 1 . Heat Transferred 1871 | 175 400 811 485 Parts Sabotaged . | . . . . Parts Stolen . | . . . . Parts Stripped . | . . . . Power Chain Reactions . | . . . . Alert | -11 -10 -10 -10 ------- Run | Yrd Mat Min Sub Peak Influence 267 | 35 267 247 . Initial 52 | . 22 52 . Average 91 | 17 97 102 . Maximum Alert Level 1 | . 1 1 . Low Security (%) 91 | 100 96 86 . Level 1 8 | . 3 13 . Level 2 . | . . . . Level 3 . | . . . . Level 4 . | . . . . Level 5 . | . . . . High Security . | . . . . Max Security . | . . . . Squads Dispatched . | . . . . Investigation . | . . . . Extermination . | . . . . Reinforcement . | . . . . Assault . | . . . . Garrison . | . . . . Intercept . | . . . . Searches Triggered . | . . . . Construction Impeded . | . . . . Haulers Reinforced . | . . . . Active Scanning Responses . | . . . . Cargo Convoy Interrupts . | . . . . Stealth | -11 -10 -10 -10 --------- Run | Yrd Mat Min Sub Distress Signals . | . . . . Communications Jammed . | . . . . Distress Signals . | . . . . Times Spotted 31 | 1 12 9 9 Peak Tracking Total 8 | 1 4 5 8 Tactical Retreats 4 | . 2 2 . Traps | -11 -10 -10 -10 ------- Run | Yrd Mat Min Sub Traps Triggered 1 | . 1 . . Indirectly . | . . . . Trap Hack Attempts . | . . . . Triggered . | . . . . Disarmed . | . . . . Reprogrammed . | . . . . Reused . | . . . . Traps Extracted . | . . . . Installed . | . . . . Triggered . | . . . . Machines | -11 -10 -10 -10 ---------- Run | Yrd Mat Min Sub Machines Disabled . | . . . . Max in Single Turn . | . . . . Machines Repaired . | . . . . Machines Dismantled . | . . . . Machines Sabotaged . | . . . . Overloaded Fab Kills . | . . . . Hacking | -11 -10 -10 -10 --------- Run | Yrd Mat Min Sub Machines Accessed 2 | . 2 . . Terminals 1 | . 1 . . Fabricators . | . . . . Repair Stations 1 | . 1 . . Recycling Units . | . . . . Scanalyzers . | . . . . Garrison Access . | . . . . Total Hacks 3 | . 3 . . Successful 2 | . 2 . . Failed 1 | . 1 . . Catastrophic . | . . . . Database Lockouts . | . . . . Manual . | . . . . Terminals 1 | . 1 . . Fabricators . | . . . . Repair Stations 2 | . 2 . . Recycling Units . | . . . . Scanalyzers . | . . . . Garrison Access . | . . . . Terminal Hacks 1 | . 1 . . Dispatch Records 1 | . 1 . . Fabricator Hacks . | . . . . Repair Station Hacks 1 | . 1 . . Scan Component 1 | . 1 . . Recycling Unit Hacks . | . . . . Scanalyzer . | . . . . Garrison Access Hacks . | . . . . Unauthorized Hacks . | . . . . Terminals . | . . . . Fabricators . | . . . . Repair Stations . | . . . . Recycling Units . | . . . . Scanalyzers . | . . . . Garrison Access . | . . . . Data Cores Recovered . | . . . . Used . | . . . . Hacking Detections 1 | . 1 . . Full Trace Events . | . . . . Feedback Events . | . . . . Feedback Blocked . | . . . . Robot Schematics Acquired . | . . . . Robots Built . | . . . . Authchips . | . . . . Time . | . . . . Total Robot Build Rating . | . . . . Part Schematics Acquired . | . . . . Parts Built . | . . . . Authchips . | . . . . Time . | . . . . Total Part Build Rating . | . . . . Parts Repaired . | . . . . Time . | . . . . Parts Recycled . | . . . . Recycled Matter . | . . . . Retrieved Matter . | . . . . Retrieved Components . | . . . . Parts Scanalyzed . | . . . . Part Schematics Acquired . | . . . . Parts Damaged . | . . . . Bothacking | -11 -10 -10 -10 ------------ Run | Yrd Mat Min Sub Used RIF Installer . | . . . . Robots Hacked . | . . . . Non-combat . | . . . . Combat . | . . . . Robot Hacks Applied . | . . . . Relay Couplers Released . | . . . . Fabnet Peak Effective % . | . . . . Robots Rewired . | . . . . Allies Hacked . | . . . . Hacks Repelled . | . . . . Allies | -11 -10 -10 -10 -------- Run | Yrd Mat Min Sub Total Allies . | . . . . Largest Group . | . . . . Highest-Rated Group . | . . . . Highest-Rated Ally . | . . . . Total Orders . | . . . . Ally Attacks . | . . . . Total Damage . | . . . . Kills . | . . . . Allies Corrupted . | . . . . Allies Melted . | . . . . Intel | -11 -10 -10 -10 ------- Run | Yrd Mat Min Sub Robot Analysis Total . | . . . . Derelict Logs Recovered 1 | . . 1 . Drone Launches . | . . . . Drone Recoveries . | . . . . Exploration | -11 -10 -10 -10 ------------- Run | Yrd Mat Min Sub Turns Passed 1967 | 198 703 951 115 Spaces Moved 1072 | 124 474 439 35 Core 16 | 16 . . . Treads . | . . . . Legs 1056 | 108 474 439 35 Wheels . | . . . . Hover . | . . . . Flight . | . . . . Fastest Speed 50 | 50 120 120 190 Average Speed 148 | 110 120 185 190 Slowest Speed 190 | 120 120 190 190 Overloaded Moves . | . . . . Propulsion Burnouts . | . . . . Robots Hopped . | . . . . Cave-ins Triggered . | . . . . Exploration Rate (%) 40 | 8 62 83 7 Regions Visited 3 Branch Regions 2 Pre-discovered Areas . | . . . . Known Exits Taken 1 | . 1 . . Unknown Exits Taken 2 | 1 . 1 . Scrap Searched 2 | . . 1 1 Spaces Dug 8 | . 8 . . Terrain Destroyed 51 | . 31 . 20 Melee . | . . . . Projectile 1 | . 1 . . AOE 50 | . 30 . 20 Terrain Rammed . | . . . . Walls Destroyed . | . . . . Machines Disabled . | . . . . Actions | -11 -10 -10 -10 --------- Run | Yrd Mat Min Sub Total 1309 | 168 572 505 64 Wait 68 | 12 38 5 13 Move 1069 | 123 473 438 35 Hop . | . . . . Pick Up 34 | 13 8 12 1 Fast Attach 6 | . 5 1 . Attach 11 | 7 3 . 1 Detach 1 | . 1 . . Swap 14 | . 6 7 1 Drop 17 | 1 12 2 2 Fire 88 | 12 26 39 11 Melee . | . . . . Ram . | . . . . Kick 1 | . . 1 . Crush . | . . . . Escape Stasis . | . . . . Rewire . | . . . . Trap . | . . . . Miscellaneous . | . . . . Route ------- -11/Scrapyard -10/Materials (discovered 2 exits: *Mat / *Min) -10/Mines (discovered 3 exits: *Mat x2 / [*Sub]) -10/Subcaves History --------- Turn | Location | Event 2 | -11/Scrapyard | Met Revision 17 65 | -11/Scrapyard | Discovered new exit (range 8) 199 | -11/Scrapyard | Entered Materials 301 | -10/Materials | Build established: Mutant 492 | -10/Materials | Discovered new exit (range 9) 620 | -10/Materials | Identified exit to Mines 764 | -10/Materials | Discovered new exit (range 15) 789 | -10/Materials | Identified exit to Materials 902 | -10/Materials | Entered Mines 1230 | -10/Mines | Discovered exit to Materials (range 8) 1606 | -10/Mines | Build established: Scavenger-Mutant 1636 | -10/Mines | Received a Rocket Launcher from a helpful Derelict 1817 | -10/Mines | Discovered new exit (range 10) 1853 | -10/Mines | Entered Subcaves 1928 | -10/Subcaves | Ambushed by swarm of Subdwellers 1931 | -10/Subcaves | Ambushed by Subdwellers from Twisted Machinery 1931 | -10/Subcaves | Ambushed by Subdwellers from Twisted Machinery 1936 | -10/Subcaves | Core integrity fell below 50% 1957 | -10/Subcaves | Core integrity fell below 20% 1968 | -10/Subcaves | Destroyed by QO-WMP(R) with Subdweller Beam Cannon Last Messages --------------- Y4-TY8(R) destroyed. PE-6VP(g) destroyed. C5-1SW(R) affixes Scrap Shield Fragment to Scrap Shield. BJ-MZX(R) affixes Scrap Shield Fragment to Scrap Shield. QO-WMP(R) affixes Scrap Shield Fragment to Scrap Shield. S5-EM7(g) destroyed. Hrd. Light Armor Plating destroyed. BJ-MZX(R) affixes Scrap Shield Fragment to Scrap Shield. Aluminum Leg destroyed. Destroyed Aluminum Leg. Sml. Laser destroyed. Destroyed Scrap Shield. C5-1SW(R) destroyed. 2W-V7F(R) destroyed. Aluminum Leg destroyed. [Achievement: First Step to Greatness] Map ----- +----------------------------------------------------+ | ?????????????????????????????????????????????????? | | ?????????????????????????????????????????????????? | | ?????????????????????????????????????????????????? | | ?????????????????????????????????????????????????? | | ?????????????????????????????????????????????????? | | ?????????????????????????????????????????????????? | | ?????????????????????????????????????????????????? | | ?????????????????????????????????????????????????? | | ?????????????????????????????????????????????????? | | ?????????????????????????????????????????????????? | | ????????????????????????###??????????????????????? | | ?????????????????????### ##?????????????????????? | | ????????????????????## ##????????????????????? | | ????????????????????# ####?? ??????????????? | | ????????????????????# ### ????????????? | | ????????????????????? #; ????????????? | | ????????????????????? #???????????? | | ?????????????????????? ???????????? | | ?????????????????????? #???????????? | | ??????????????????????# #???????????? | | ??????????????????????# #???????????? | | ?????????????????????## #????????????? | | ?????????????????????# ;; #??????????????? | | ???????????????????###[* ;;; #??????????????? | | ??????????????????##%!R% ;#?????????????????? | | ??????????????##### =R!| @ #??????????????????? | | ??????????????# = [% * #??????????????????? | | ????????? [/ * ##?????????????????? | | ???????? = %& ;#????###?????????? | | ???????? ### #??## ##???#####? | | ????????? #;#???# ?# #??## ## | | ?????????# ????????## % #### # | | ????????????????????# & ;; [ ! | | ????????????????????# # %=[ % = | | ????????????????????### ##?## %% # # | | | ??????????????????????##?????# ! ###### | | ?????????????????????????????? #???# | | ??????????????????????????????? # #???## | | ??????????????????????????????? ??## #???## | | ????????????????????????????????????# # ##????# | | ???????????????????????????????????? ###?????### | | ????????????????????????????????????# #?????????? | | ????????????????????????????????????# ?????????? | | ???????????????????????????????????? # #????????? | | ???????????????????????????????????? ###????????? | | ???????????????????????????????????? ???????????? | | ???????????????????????????????????? ???????????? | | ?????????????????????????????????????#???????????? | | ?????????????????????????????????????????????????? | | ?????????????????????????????????????????????????? | +----------------------------------------------------+ Best States ------------- Heat Dissipation 35 Energy Generation 10 Energy Capacity 250 Matter Stores 300 Matter Capacity 300 Sight Range 16 Robot Scan Range 14 Terrain Scan Range 16 Terrain Scan Density 10 Armor Coverage 150 Evasion (%) 55 Item Schematics ----------------- None Robot Schematics ------------------ None Fabricated ------------ Nothing Alien Tech Used ----------------- None Achievements -------------- First Step to Greatness Hey, That's Mine! Challenges ------------ None Game ------ Seed AngularVisualMinigun Manual? 0 Play Time 00:28:26 Cumulative 1.2 hours Start 2024.06.10 @ 14:09:21 End 2024.06.10 @ 14:35:41 Sessions 1 Manual Loads 0 Difficulty Rogue Special Mode None Game No. 2 Rogue 2 Adventurer 0 Explorer 0 Win Type - Total 0 Types 0/0/0/0/0/0/0/0/0 Lore% 1 Gallery% 3 Achievement% 3 Wizard Run 0 Options --------- Layout 1 ASCII 0 Keyboard 1 Movement Numpad Keybinds 0 Fullscreen 1 Font 24/Smallcaps Map View 50x35 Zoom Use 0% Tactical HUD 0 Map Filters NONE Filters NONE Steam 1 RUN: d77dc30b-1990-46ee-9657-5edacd7e1514